 Dungeon Crawl Stone Soup version 0.31-a0-152-g6aa68a64a1 (webtiles) character file.

Game seed: 18101816359805946445

103 qw the Shooter (level 4, -6/39 HPs)
             Began as a Minotaur Hunter on June 9, 2023.
             Mangled by Sigmund
             ... wielding a +0 scythe
              (9 damage)
             ... on level 3 of the Dungeon.
             The game lasted 00:00:55 (1553 turns).

qw the Shooter (Minotaur Hunter)                    Turns: 1553, Time: 00:00:56

Health: -6/39      AC:  5    Str: 16    XL:     4   Next: 51%
Magic:  3/3        EV: 11    Int:  6    God:
Gold:   95         SH:  0    Dex: 15    Spells: 3/3 levels left

rFire   . . .        Y - +0 shortbow
rCold   . . .        (shield currently unavailable)
rNeg    . . .        d - +0 ring mail
rPois   .            (helmet restricted)
rElec   .            (no cloak)
rCorr   .            (no gloves)
SInv    .            (no boots)
Will    .....        (no amulet)
Stlth   +            (no ring)
HPRegen 0.26/turn    (no ring)
MPRegen 0.08/turn

%: no passive effects
@: no status effects
A: horns 2, retaliatory headbutt
a: no special abilities


You were on level 3 of the Dungeon.
You visited 1 branch of the dungeon, and saw 3 of its levels.

You collected 95 gold pieces.


Innate Abilities, Weirdness & Mutations

You have a pair of horns on your head.
You reflexively headbutt those who attack you in melee.


   Skills:
 + Level 3.6 Fighting
 - Level 6.0 Ranged Weapons
 - Level 1.0 Armour
 - Level 2.1 Dodging
 - Level 0.7 Stealth


You had 3 spell levels left.
You didn't know any spells.
Your spell library was empty.

Inventory:

Hand Weapons
 Y - a +0 shortbow (weapon)
Armour
 d - a +0 ring mail (worn)
Scrolls
 a - a scroll of identify
 c - a scroll of magic mapping {unknown}
 k - a scroll of amnesia {unknown}
 l - a scroll of fog {unknown}
 m - a scroll of enchant weapon {unknown}
Potions
 b - a potion of curing {unknown}
 e - a potion of haste {unknown}
 f - a potion of ambrosia {unknown}
 g - a potion of attraction {unknown}
 h - a potion of might {unknown}
 i - a potion of heal wounds {unknown}
 j - a potion of berserk rage {unknown}

Dungeon Overview and Level Annotations

Branches:
Dungeon (3/15)

Altars:
Gozag

Annotations:
D:3 3 runed translucent doors, Sigmund; qw's ghost, amateur MiHu


Message History

Sigmund is lightly wounded.
Sigmund gestures wildly while chanting.
Sigmund flickers and vanishes!
Deactivating autopickup; reactivate with Ctrl-A.
You shoot an arrow.
You hear some strange, mumbled words.
A puff of flame appears from out of thin air!
The puff of flame misses you.
You shoot an arrow. Something hits you!
You shoot an arrow.
You hear some strange, mumbled words.
You are confused.
You shoot an arrow. Something hits you.
You shoot an arrow. Something hits you but does no damage.
You shoot an arrow. Something hits you but does no damage.
You shoot an arrow. Something hits you.
You shoot an arrow.
You feel less confused.
You shoot an arrow. Something hits you but does no damage.
You shoot an arrow. Something hits you.
You shoot an arrow. Something hits you!
You shoot an arrow. Something hits you but does no damage.
You shoot an arrow. You shoot an arrow.
A magic dart appears from out of thin air!
The magic dart hits you.
You shoot an arrow. Something hits you!
You shoot an arrow. Something hits you!
You die...

........#### .#
#######...#. .#
###.#. .# #... .#
##.. .# #.. {# #..
###.# ### #######..
#.@.# #.. .........
#.### #.# ########.
#.# #.# #. #.# #.#
#. #># #.# #. #.#
#<# #. #.# #.### #.
#.# ##.#.## #.
#.####.....#######.


There were no monsters in sight!

Vanquished Creatures
  An adder (D:2)
  A worm (D:3)
  4 dart slugs
  9 orcs (D:3)
  7 endoplasms
  A giant cockroach (D:1)
  6 hobgoblins
  4 jackals (D:2)
  3 quokkas
  4 ball pythons
  12 bats
  A frilled lizard (D:3)
  4 goblins
  8 kobolds
  5 rats
70 creatures vanquished.

Notes
Turn   | Place    | Note
-------+----------+-------------------------------------------
     0 | D:1      | qw the Minotaur Hunter began the quest for the Orb.
     0 | D:1      | Reached XP level 1. HP: 18/18 MP: 0/0
     0 | D:1      | 0 ||| qw: Version: 0.2-a-122-gbc61b45
     0 | D:1      | 0 ||| qw: Game counter: 3467
     0 | D:1      | 0 ||| qw: Always use a shield: true
     0 | D:1      | 0 ||| qw: God list: Okawaru
     0 | D:1      | 0 ||| qw: Allow faded altars: false
     0 | D:1      | 0 ||| qw: Do Orc after D:15 true
     0 | D:1      | 0 ||| qw: Do second Lair branch before Depths: true
     0 | D:1      | 0 ||| qw: Lair rune preference: random
     0 | D:1      | 0 ||| qw: Plans: Normal
     0 | D:1      | 0 ||| PLANNING D:1-11
   114 | D:1      | 114 ||| Stepping ~*~*~tactically~*~*~ (outnumbered).
   128 | D:1      | Reached XP level 2. HP: 25/25 MP: 1/1
   158 | D:1      | Reached skill level 5 in Ranged Weapons
   315 | D:1      | 315 ||| READING scroll labelled POMUR NELIRUDY.
   316 | D:1      | 316 ||| DROPPING scroll of butterflies.
   323 | D:1      | Reached skill level 3 in Fighting
   330 | D:1      | HP: 6/26 [endoplasm (1)]
   333 | D:1      | 333 ||| FLEEEEING.
   334 | D:1      | 334 ||| FLEEEEING.
   335 | D:1      | 335 ||| FLEEEEING.
   336 | D:1      | 336 ||| FLEEEEING.
   337 | D:1      | 337 ||| FLEEEEING.
   338 | D:1      | 338 ||| FLEEEEING.
   339 | D:1      | 339 ||| FLEEEEING.
   340 | D:1      | 340 ||| FLEEEEING.
   341 | D:1      | 341 ||| FLEEEEING.
   342 | D:1      | 342 ||| FLEEEEING.
   343 | D:1      | 343 ||| FLEEEEING.
   345 | D:1      | 345 ||| FLEEEEING.
   346 | D:1      | 346 ||| FLEEEEING.
   348 | D:1      | 348 ||| FLEEEEING.
   351 | D:1      | 351 ||| FLEEEEING.
   352 | D:1      | 352 ||| FLEEEEING.
   353 | D:1      | 353 ||| FLEEEEING.
   354 | D:1      | 354 ||| FLEEEEING.
   355 | D:1      | 355 ||| FLEEEEING.
   356 | D:1      | 356 ||| FLEEEEING.
   357 | D:1      | 357 ||| FLEEEEING.
   358 | D:1      | 358 ||| FLEEEEING.
   359 | D:1      | 359 ||| FLEEEEING.
   459 | D:1      | Reached XP level 3. HP: 30/31 MP: 2/2
   856 | D:2      | Reached XP level 4. HP: 38/38 MP: 3/3
   897 | D:2      | Reached skill level 6 in Ranged Weapons
  1126 | D:2      | 1126 ||| UPGRADING to +0 ring mail.
  1136 | D:2      | 1136 ||| DROPPING +0 leather armour.
  1137 | D:2      | 1137 ||| READING scroll labelled DUAXKY ACAPS.
  1140 | D:2      | 1140 ||| READING scroll labelled AWOANEPRIU.
  1254 | D:3      | Reached skill level 1 in Armour
  1339 | D:3      | Found a runed translucent gate.
  1340 | D:3      | Found a runed translucent gate.
  1340 | D:3      | Found an opulent altar of Gozag.
  1348 | D:3      | Found a runed translucent gate.
  1350 | D:3      | Noticed qw's ghost (amateur MiHu)
  1378 | D:3      | Identified the staff of fire "Yludiym" {Fragile rF+ rN++
                  | rCorr Dex+3}
  1536 | D:3      | Noticed Sigmund
  1552 | D:3      | HP: 3/39 [something (9)]
  1553 | D:3      | Mangled by Sigmund

Levels and vault maps discovered:
D:1:      giann_wishing_wells, layout_rooms, minmay_tetromino_l4
D:2:      layout_rooms, st_stairs_10
D:3:      layout_loops_ring, ebering_ghost_gozag, minmay_misc_feat_cross,
          chequers_avenue, uniq_sigmund

Skill      XL: |  1  2  3  4 |
---------------+-------------+-----
Ranged Weapons | 5 6 |  6.0
Fighting       | 3 |  3.6
Armour         | 1 |  1.0
Dodging        | |  2.1
Stealth        | |  0.7

Action                     |  1- 3 |  4- 6 || total
---------------------------+-------+-------++-------
   Fire: Shortbow          |   132 |    87 ||   219
    Use: Scroll            |     1 |     2 ||     3
 Armour: Leather armour    |    14 |     1 ||    15
         Ring mail         |       |     6 ||     6
  Dodge: Dodged            |    40 |    18 ||    58

Table legend:
 A = Non-vault XP
 B = Vault XP
 C = Vault XP percentage of total XP
 D = Non-vault monster count
 E = Vault monster count
 F = Vault count percentage of total count
                 A         B        C        D         E       F
            +---------+---------+-------+---------+---------+-------
      Total |     139 |       9 |   6.1 |      64 |       6 |   8.6
            +---------+---------+-------+---------+---------+-------
        D:1 |      49 |       5 |   9.3 |      27 |       3 |  10.0
        D:2 |      49 |       4 |   7.5 |      22 |       3 |  12.0
        D:3 |      41 |       0 |   0.0 |      15 |       0 |   0.0
            +---------+---------+-------+---------+---------+-------
